 Dungeon Crawl Stone Soup version 0.29.1-13-g9f3cf754e1 (webtiles) character file.

Game seed: 17695127215921496469

60 croobank the Caller (level 3, 0/14 HPs)
             Began as a Felid Summoner on Jan 31, 2023.
             Slain by an orc
             ... wielding a +0 club
              (4 damage)
             ... on level 2 of the Dungeon.
             The game lasted 00:04:29 (2087 turns).

croobank the Caller (Felid Summoner)                Turns: 2087, Time: 00:04:29

Health: 0/14       AC:  1    Str:  4    XL:     3   Next: 82%
Magic:  2/7        EV: 18    Int: 18    God:
Gold:   117        SH:  0    Dex: 16    Spells: 1/7 levels left
                                        Lives:  0   Deaths: 0

rFire   . . .      SeeInvis +   (weapon unavailable)
rCold   . . .      Faith    .   (shield unavailable)
rNeg    . . .      Spirit   .   (body armour unavailable)
rPois   .          Reflect  .   (helmet unavailable)
rElec   .          Harm     .   (cloak unavailable)
rCorr   .          Rampage  .   (gloves unavailable)
Will    .....                   (boots unavailable)
Stlth   +++.......              (no amulet)
HPRegen 0.04/turn               (no ring)
MPRegen 0.10/turn               (no ring)

@: quick
A: very small, claws 1, fangs 3, see invisible, speed 1, shaggy fur 1, stealthy
paws, no weapons or thrown items, no armour, multi-lived
a: no special abilities


You were on level 2 of the Dungeon.
You visited 1 branch of the dungeon, and saw 3 of its levels.

You collected 117 gold pieces.

Inventory:

Jewellery
 l - an amulet of faith
Scrolls
 m - a scroll of magic mapping
Potions
 a - 2 potions of heal wounds
 d - a potion of curing
 e - a potion of attraction {unknown}
 g - a potion of might {unknown}
 h - a potion of flight {unknown}
 n - a potion of haste {unknown}


   Skills:
 + Level 3.6 Dodging
 + Level 3.8 Stealth
 + Level 2.5 Spellcasting
 + Level 4.3 Summonings


You had one spell level left.
You knew the following spells:

 Your Spells              Type           Power      Damage    Failure   Level
a - Summon Small Mammal   Summ           72%        N/A       2%          1
b - Call Imp              Summ           18%        N/A       4%          2
c - Call Canine Familiar  Summ           18%        N/A       9%          3

Your spell library contained the following spells:

 Spells                   Type           Power      Damage    Failure   Level
 Summon Guardian Golem    Hex/Summ       10%        N/A       22%         3
 Summon Lightning Spire   Summ/Air       10%        N/A       56%         4


Dungeon Overview and Level Annotations

Branches:
Dungeon (3/15)

Altars:


Innate Abilities, Weirdness & Mutations

You have sharp claws.
You have razor-sharp teeth.
You have supernaturally acute eyesight. (SInv)
You cover ground quickly. (Speed+)
You are covered in fur. (AC +1)
Your paws help you pounce on unaware monsters.
You are incapable of wielding weapons or throwing items.
You cannot wear armour.
You gain extra lives every three experience levels.


Message History

As you read the scroll labelled GIMYWI FOUVEECK, it crumbles to dust.
The scroll dissolves into smoke.
It was a scroll of fog.
You start waiting.
Done waiting.
As you read the scroll labelled RUCE HEOTHY, it crumbles to dust.
You feel momentarily disoriented.
It was a scroll of magic mapping.
(D) Dungeon
Where to? (Enter - D:2, ? - help)
There is a stone staircase leading down here.
You climb downwards.
Found a stone staircase leading up.
There is a stone staircase leading up here.
There are monsters nearby!
You pounce on the unaware helpless orc!
You claw the orc!
You kill the orc!
The orc shouts!
The orc wizard shouts!
The orc shouts!
The orc completely misses you.
You hear a bark!
The orc wizard casts a spell at you.
You are confused.
The orc hits you with a +0 flail. The orc misses you.
You climb upwards.
There is a stone staircase leading down here.
You're too confused to cast spells.
Unknown command.
You're too confused to cast spells.
You bump into the rock wall.
The orc hits you with a +0 club. The orc misses you.
You feel better. The orc misses you. The orc hits you with a +0 flail!
Ouch! That really hurt!
* * * LOW HITPOINT WARNING * * *
Casting: Summon Small Mammal (safe; 2% risk of failure)
Confirm with . or Enter, or press ? or * to list all spells.
The orc barely misses you. The orc closely misses you.
Casting: Call Canine Familiar (astonishingly dangerous; 9% risk of failure)
Confirm with . or Enter, or press ? or * to list all spells.
A beastly little devil appears in a puff of frigid air.
Your hound barely misses the orc.
The orc closely misses you. The orc hits you with a +0 club.
You die...

######## #.......
###########.######
#@o...............
##o######.##.####..
#h.5....#.##.# #.ยง
#.#.###.#.##.# #..
#.#.###..<...# #..
###+#..####'##+####.#
#...................#
#...................#
#....................


You could see 2 orcs, a friendly hound (summoned) and a friendly white imp
(summoned).

Vanquished Creatures
  An adder (D:2)
  An orc (D:3)
  2 ball pythons
  A bat (D:1)
  A quokka (D:2)
  2 frilled lizards
  2 rats
10 creatures vanquished.

Vanquished Creatures (collateral kills)
  An adder (D:2)
  A worm (D:2)
  A dart slug (D:2)
  4 ball pythons
  3 endoplasms
  A giant cockroach (D:2)
  2 goblins (D:1)
  4 hobgoblins
  A kobold (D:1)
  2 quokkas (D:2)
  2 frilled lizards (D:1)
  3 rats
25 creatures vanquished.

Grand Total: 35 creatures vanquished

Notes
Turn   | Place    | Note
-------+----------+-------------------------------------------
     0 | D:1      | croobank the Felid Summoner began the quest for the Orb.
     0 | D:1      | Reached XP level 1. HP: 7/7 MP: 4/4
   424 | D:1      | Reached XP level 2. HP: 11/11 MP: 3/6
   427 | D:1      | Learned a level 2 spell: Call Imp
   842 | D:2      | Identified the +1 leather armour of Esterig {rC++}
   920 | D:2      | Reached XP level 3. HP: 11/14 MP: 7/7
   924 | D:2      | Learned a level 3 spell: Call Canine Familiar
  2087 | D:2      | Slain by an orc

Illustrated notes

Levels and vault maps discovered:
D:1:      lemuel_arrival_funnel, layout_basic
D:2:      layout_basic
D:3:      layout_rooms, mainiacjoe_overflow_tiny_flanked

Skill      XL: |  1 |
---------------+----+-----
Dodging        | 3 |  3.6
Stealth        | 3 |  3.8
Spellcasting   | |  2.5
Summonings     | |  4.3

Action                   || total
-------------------------++-------
Melee: Unarmed           ||    27
       Bite              ||     2
 Cast: Summon Small Mamm ||    34
       Call Imp          ||     8
       Call Canine Famil ||     8
  Use: Potion            ||     2
       Scroll            ||     9
 Stab: Sleeping          ||     2
       Distracted        ||     1
Armor: Skin              ||     1
Dodge: Dodged            ||    33
